 Dungeon Crawl Stone Soup version 0.29-a0-1052-g6990b1bffc (webtiles) character file.

Game seed: 13551019791130025830

51 Zeldest the Grasshopper (level 4, -2/37 HPs)
             Began as a Meteoran Wanderer on Aug 18, 2022.
             Was an Initiate of Uskayaw.
             Slain by an orc
             ... wielding a +0 club
              (5 damage)
             ... on level 3 of the Dungeon.
             The game lasted 00:05:24 (596 turns).

Zeldest the Grasshopper (Meteoran Wanderer)          Turns: 596, Time: 00:05:24

Health: -2/37      AC:  5    Str: 13    XL:     4   Next: 25%
Magic:  2/8        EV: 10    Int: 16    God:    Uskayaw [......]
Gold:   37         SH:  0    Dex: 13    Spells: 6/7 levels left

rFire   . . .      SeeInvis .   i - +1 dagger (venom)
rCold   . . .      Faith    .   (no shield)
rNeg    . . .      Spirit   .   b - +0 ring mail
rPois   .          Reflect  .   (no helmet)
rElec   .          Harm     .   (no cloak)
rCorr   .          Rampage  .   (no gloves)
Will    .....                   (no boots)
Stlth   +.........              (no amulet)
HPRegen 0.12/turn               (no ring)
MPRegen 0.11/turn               (no ring)

@: glowing
A: sense surroundings 1, otherworldly, glowing, explore regen
a: Renounce Religion


You were on level 3 of the Dungeon.
You worshipped Uskayaw.
Uskayaw was noncommittal.
You visited 1 branch of the dungeon, and saw 3 of its levels.

You collected 37 gold pieces.

Inventory:

Hand Weapons
 a - a +2 short sword
 i - a +1 dagger of venom (weapon)
Armour
 b - a +0 ring mail (worn)
Scrolls
 d - a scroll of fear {unknown}
 e - a scroll of teleportation {unknown}
 f - a scroll of vulnerability {unknown}
 g - a scroll of noise {unknown}
 h - a scroll of torment {unknown}
 j - a scroll of enchant weapon {unknown}
Potions
 c - a potion of heal wounds
 k - a potion of attraction {unknown}


   Skills:
 + Level 2.8 Fighting
 - Level 2.1 Short Blades
 - Level 1.2 Armour
 + Level 1.7 Dodging
 - Level 1.0 Stealth
 + Level 2.2 Spellcasting
 - Level 3.0 Translocations
 * Level 1.4 Invocations
 - Level 1.2 Evocations


You had 6 spell levels left.
You knew the following spells:

 Your Spells              Type           Power      Damage    Failure   Level
a - Apportation           Tloc           22%        N/A       13%         1

Your spell library contained the following spells:

 Spells                   Type           Power      Damage    Failure   Level
 Teleport Other           Tloc           11%        N/A       36%         3


Dungeon Overview and Level Annotations

Branches:
Dungeon (3/15) Zot: 1209

Altars:
Uskayaw


Innate Abilities, Weirdness & Mutations

You passively map a small area around you.
You are easily found by Zot.
You glow in the dark.
You regain HP and MP as you explore.


Message History

The orc hits you with a +0 dagger.
You closely miss the orc.
The orc is almost dead.
The orc hits you with a +0 dagger.
You hit the orc but do no damage.
The orc looks as sick as possible!
The orc is almost dead.
You kill the orc!
You hit the giant cockroach but do no damage.
The giant cockroach is poisoned.
The giant cockroach barely misses you. The orc completely misses you.
You hit the giant cockroach.
You kill the giant cockroach!
The orc hits you from afar with a +0 trident.
You hit the orc.
The orc is poisoned.
The orc is heavily wounded.
The orc hits you from afar with a +0 trident.
You can now pass through a line of other dancers.
You closely miss the orc.
The orc is almost dead.
The orc closely misses you.
The orc hits you from afar with a +0 trident.
* * * LOW HITPOINT WARNING * * *
You kill the orc!
The orc hits you with a +0 trident.
* * * LOW HITPOINT WARNING * * *
Things that are here:
a +0 dagger; a giant cockroach corpse; an orc corpse You stomp with the beat, sending a shockwave through the revellers around you!
The orc is heavily wounded.
You can no longer pass through a line of other dancers.
You hit the orc.
The orc is poisoned.
The orc is heavily wounded.
The orc hits you with a +0 trident.
* * * LOW HITPOINT WARNING * * *
You stomp with the beat, sending a shockwave through the revellers around you!
You kill the orc!
The orc is severely wounded.
You can no longer stomp with the beat.
The orc hits you with a +0 club.
You die...

#..# #.# * ## , ####..# #.#
.. ......# #†# * .# *,
#####.# #.# .## .
#.##########.#### *,..# ..#
#^.......)......####..#...#*
*
############......†........
, * #)o......)......
########@#...###....... ,,
........)##.## *....... *
########.####* .?..... * ,
..# ....### * ### , #...# ,
,* * #.?# ,, * , ..., , ,,,
* * *


You could see an orc.

Vanquished Creatures
  2 dart slugs (D:2)
  3 orcs (D:3)
  4 bats
  3 endoplasms (D:1)
  5 giant cockroaches
  6 goblins
  4 hobgoblins
  A quokka (D:2)
  5 ball pythons
  A frilled lizard (D:1)
  6 kobolds
  2 rats
42 creatures vanquished.

Notes
Turn   | Place    | Note
-------+----------+-------------------------------------------
     0 | D:1      | Zeldest the Meteoran Wanderer began the quest for the Orb.
     0 | D:1      | Zeldest set off with the following items: a +2 short sword,
                  | a +0 ring mail, a potion of heal wounds; and the following
                  | spell memorised: Apportation; and the following spells
                  | available to memorise: Teleport Other.
     0 | D:1      | Reached XP level 1. HP: 17/17 MP: 3/3
    46 | D:1      | Reached XP level 2. HP: 22/25 MP: 5/5
    96 | D:1      | Reached skill level 1 in Dodging
   180 | D:1      | Found a faded altar of an unknown god.
   194 | D:1      | Reached XP level 3. HP: 17/30 MP: 6/6
   235 | D:1      | Prayed at the altar of an unknown god.
   235 | D:1      | Became a worshipper of Uskayaw the Reveller
   235 | D:1      | Reached * piety under Uskayaw
   436 | D:2      | Reached ** piety under Uskayaw
   484 | D:2      | Reached skill level 1 in Invocations
   501 | D:2      | Reached skill level 3 in Translocations
   517 | D:3      | Reached XP level 4. HP: 37/37 MP: 6/8
   596 | D:3      | Slain by an orc

Illustrated notes

Levels and vault maps discovered:
D:1:      dpeg_arrival_rooms_c, layout_loops_ring,
          ebering_ecumenical_altar_webs, minmay_tromino_v2
D:2:      layout_loops_ring, columned_hall_lemuel, st_stairs_4,
          hangedman_decor_points, due_unseen_surprise
D:3:      layout_loops_ring, minivault_11, kennysheep_donut, uniq_grinder

Skill      XL: |  1  2  3 |
---------------+----------+-----
Dodging        | 1 |  1.7
Spellcasting   | 2 |  2.2
Invocations    | 1 |  1.4
Translocations | 3 |  3.0
Fighting       | |  2.8
Short Blades   | |  2.1
Armour         | |  1.2
Stealth        | |  1.0
Evocations     | |  1.2

Action                   |  1- 3 |  4- 6 || total
-------------------------+-------+-------++-------
Melee: Short sword       |    65 |       ||    65
       Dagger            |    28 |    24 ||    52
Invok: Stomp             |     1 |     2 ||     3
Armor: Ring mail         |    37 |    14 ||    51
Dodge: Dodged            |    46 |    17 ||    63

Table legend: (Time is in decaauts)
 A = Elapsed time spent in this place.
 B = Non-inter-level travel time spent in this place.
 C = Inter-level travel time spent in this place.
 D = Time resting spent in this place.
 E = Time spent auto-exploring this place.
 F = Levels seen in this place.
 G = Mean time per level.
                   A        B        C        D        E       F      G
               +--------+--------+--------+--------+--------+-----+--------+
         Total |    589 |    589 |      0 |      0 |      0 |   3 |  196.3 |
       Dungeon |    589 |    589 |      0 |      0 |      0 |   3 |  196.3 |
               +--------+--------+--------+--------+--------+-----+--------+

Top non-repeatable levels by time:
     D:1: 343 daAuts
     D:2: 162 daAuts
     D:3: 82 daAuts
